 Dungeon Crawl Stone Soup version 0.26.0-41-g79a4fc7684 (webtiles) character file.

Game seed: 9422433218939900782

1226 DildoBatman the Magician (level 8, -2/57 HPs)
             Began as a Formicid Conjurer on Jan 26, 2021.
             Was an Initiate of Kikubaaqudgha.
             Hit by a boomerang thrown by an orc warrior (18 damage)
             ... created by the fury of Okawaru
             ... on level 5 of the Dungeon.
             The game lasted 00:22:11 (6760 turns).

DildoBatman the Magician (Formicid Conjurer)        Turns: 6760, Time: 00:22:11

Health: -2/57      AC:  7    Str: 11    XL:     8   Next: 76%
Magic:  13/18      EV: 12    Int: 21    God:    Kikubaaqudgha [......]
Gold:   282        SH:  6    Dex:  9    Spells: 18/21 levels left

rFire    . . .     SeeInvis +   a - +0 longbow
rCold    . . .     Faith    .   p - +2 buckler
rNeg     . . .     Spirit   .   c - +0 robe
rPois    .         Reflect  .   (helmet unavailable)
rElec    .         Harm     .   s - +0 cloak
rCorr    .         Rampage  .   (no gloves)
Will     +....                  (no boots)
Stlth    ++........             (no amulet)
HPRegen  0.19/turn              u - ring of willpower
MPRegen  0.16/turn              f - +4 ring of protection

@: no status effects
A: permanent stasis, dig shafts and tunnels, four strong arms, antennae 3
a: Dig, Shaft Self, Renounce Religion


You were on level 5 of the Dungeon.
You worshipped Kikubaaqudgha.
Kikubaaqudgha was noncommittal.
You visited 2 branches of the dungeon, and saw 8 of its levels.

You collected 282 gold pieces.

Inventory:

Hand Weapons
 a - a +0 longbow (weapon)
 b - a +0 hunting sling
 d - a +1 flail of holy wrath
 A - a +0 falchion
Missiles
 i - 58 arrows (quivered ammo)
 r - 195 stones
 y - 39 sling bullets
Armour
 c - a +0 robe (worn)
 p - a +2 buckler (worn)
 s - a +0 cloak (worn)
 C - a scarf of harm
Jewellery
 f - a +4 ring of protection (right hand)
 u - a ring of willpower (left hand)
Wands
 v - a wand of polymorph (9)
 w - a wand of random effects (12)
Scrolls
 g - a scroll of random uselessness {unknown}
 h - a scroll of noise {unknown}
 j - a scroll of amnesia {unknown}
 l - a scroll of magic mapping {unknown}
 n - a scroll of fog {unknown}
 o - 2 scrolls of enchant armour
 t - a scroll of immolation {unknown}
 x - 5 scrolls of remove curse
 D - a scroll of fear {unknown}
Potions
 e - 4 potions of curing
 k - 4 potions of cancellation
 m - 2 potions of resistance
 q - 4 potions of attraction
 z - a potion of degeneration {unknown}
 B - a potion of lignification {unknown}
 E - a potion of mutation {unknown}


   Skills:
 * Level 2.5 Fighting
 * Level 2.5 Armour
 - Level 2.0 Dodging
 * Level 3.6 Stealth
 - Level 3.0 Shields
 - Level 7.0 Spellcasting
 - Level 6.0 Conjurations


You had 18 spell levels left.
You knew the following spells:

 Your Spells              Type           Power        Failure   Level
a - Searing Ray           Conj           64%          1%          2
c - Magic Dart            Conj           100%         1%          1

Your spell library contained the following spells:

 Spells                   Type           Power        Failure   Level
 Dazzling Flash           Conj/Hex       38%          8%          3
 Corona                   Hex            7%           9%          1
 Ensorcelled Hibernation  Hex/Ice        14%          13%         2
 Confusing Touch          Hex            7%           26%         3
 Tukima's Dance           Hex            7%           26%         3
 Fulminant Prism          Conj/Hex       9%           26%         4
 Iskenderun's Mystic Bla  Conj/Tloc      19%          26%         4


Dungeon Overview and Level Annotations

Branches:
Dungeon (7/15)             Temple (1/1) D:6

Altars:
Ashenzari
Cheibriados
Dithmenos
Elyvilon
Fedhas
Gozag
Hepliaklqana
Kikubaaqudgha
Nemelex Xobeh
Okawaru
Qazlal
Ru
Sif Muna
Trog
Uskayaw
Vehumet
Wu Jian
Xom
Yredelemnul
Zin
The Shining One

Annotations:
D:5 Dowan, Duvessa
D:6 exclusions: 2 bullfrogs, gnoll and 2 orc wizards, Sigmund
D:7 exclusions: 2 centaurs and sensed monster (detected)


Innate Abilities, Weirdness & Mutations

You cannot be hasted, slowed, berserked, paralysed or teleported.
You can dig through walls and to a lower floor.
Your four strong arms can wield two-handed weapons with a shield.
You have a pair of large antennae on your head. (SInv)


Message History

(Press . to maintain the ray.)
The orc warrior throws a boomerang.
You block the boomerang.
The weapon returns to the orc warrior!
The orc warrior throws a boomerang.
The boomerang barely misses you.
The weapon returns to the orc warrior!
The orc warrior throws a boomerang.
The boomerang hits you!
The weapon returns to the orc warrior!
The orc warrior throws a boomerang.
The boomerang hits you but does no damage.
The weapon returns to the orc warrior!
The orc warrior throws a boomerang.
The boomerang hits you!
The weapon returns to the orc warrior!
The orc warrior throws a boomerang.
The boomerang hits you!!
You die...
Kikubaaqudgha rasps: "You have failed me!
Welcome... death!"

#. #.##.##.####### .###
#.##.#........# . ..#
#.##..........# .#####.# #.#
##........#
.....#.####.###.........### . #
#.........^..)#.......... . .#.
#......##..####.......... .
....###.....##..## #..........
.
.#....####...#@######.....[<...
.
....................o...>......
.
#.####.###....?#####..........
. #.#
##.#.....................> .
#.###....#.####..##(#.o.......
####......###.#
##..#.###)###### ..##.####.#
..# (...!..#..#.#.
#.#8.8###.##.## .......###.#.#
#....)..#.# ....... #####


You could see an orc warrior.

Vanquished Creatures
  A black bear (D:6)
  2 ogres
  A centaur (D:6)
  Blork the orc (D:5)
  2 bullfrogs (D:6)
  A wyvern skeleton (D:6)
  A scorpion (D:6)
  A howler monkey (D:5)
  2 hounds
  2 orc wizards
  A bullfrog zombie (D:6)
  2 orc priests (D:5)
  An iguana (D:4)
  2 jellies
  4 worker ants
  A worker ant zombie (D:5)
  6 adders
  A white imp (D:7)
  An ooze (D:7)
  2 dart slugs
  A worm (D:4)
  4 leopard geckos
  10 orcs
  2 giant cockroaches
  5 goblins
  7 hobgoblins
  2 jackals (D:3)
  3 quokkas
  9 bats
  4 frilled lizards
  A giant cockroach zombie (D:6)
  5 kobolds
  A quokka zombie (D:7)
  3 rats
92 creatures vanquished.

Notes
Turn   | Place    | Note
-------+----------+-------------------------------------------
     0 | D:1      | DildoBatman the Formicid Conjurer began the quest for the
                  | Orb.
     0 | D:1      | Reached XP level 1. HP: 13/13 MP: 3/3
   351 | D:1      | Reached XP level 2. HP: 14/19 MP: 3/5
   354 | D:1      | Learned a level 2 spell: Searing Ray
  1115 | D:2      | Reached XP level 3. HP: 24/24 MP: 2/6
  1205 | D:2      | Found a hazy altar of Hepliaklqana.
  1205 | D:2      | Found a faded altar of an unknown god.
  1212 | D:2      | Found a shimmering blue altar of Sif Muna.
  1214 | D:2      | Found an opulent altar of Gozag.
  1215 | D:2      | Found a shimmering altar of Xom.
  1243 | D:2      | Became a worshipper of Warmaster Okawaru
  1243 | D:2      | Reached * piety under Okawaru
  1284 | D:2      | Found a bloodstained altar of Trog.
  1989 | D:3      | Reached XP level 4. HP: 8/30 MP: 2/7
  2237 | D:3      | Reached skill level 1 in Shields
  2405 | D:3      | Found a shimmering altar of Xom.
  2650 | D:4      | Reached XP level 5. HP: 35/35 MP: 5/9
  3034 | D:4      | Reached skill level 3 in Spellcasting
  3059 | D:4      | Noticed an ogre
  3115 | D:4      | Killed an ogre
  3116 | D:4      | Reached skill level 5 in Conjurations
  3116 | D:4      | Reached XP level 6. HP: 41/41 MP: 6/11
  3140 | D:4      | Reached ** piety under Okawaru
  3334 | D:5      | Entered Level 5 of the Dungeon
  3334 | D:5      | Noticed Duvessa
  3334 | D:5      | Noticed Dowan
  3992 | D:5      | Reached skill level 1 in Fighting
  4031 | D:5      | Reached skill level 1 in Armour
  4041 | D:5      | Reached skill level 4 in Spellcasting
  4041 | D:5      | Reached XP level 7. HP: 48/48 MP: 8/13
  4086 | D:5      | Noticed Blork the orc
  4446 | D:4      | You fall into a shaft and drop 3 floors!
  4638 | D:7      | Found a stormy altar of Qazlal.
  5500 | D:6      | Reached skill level 5 in Spellcasting
  5500 | D:6      | Reached XP level 8. HP: 56/56 MP: 10/15
  5974 | D:6      | Reached *** piety under Okawaru
  6074 | D:6      | Reached skill level 6 in Spellcasting
  6194 | D:6      | Reached skill level 7 in Spellcasting
  6203 | D:6      | Noticed Sigmund
  6345 | D:6      | Found a staircase to the Ecumenical Temple.
  6355 | Temple   | Entered the Ecumenical Temple
  6563 | Temple   | Fell from the grace of Okawaru
  6563 | Temple   | Became a worshipper of Kikubaaqudgha
  6629 | D:6      | Noticed a tengu warrior
  6629 | D:6      | Noticed a tengu warrior
  6644 | D:6      | Noticed an orc knight
  6644 | D:6      | Noticed an orc sorcerer
  6644 | D:6      | Noticed an orc sorcerer
  6644 | D:6      | Noticed a tengu warrior
  6644 | D:6      | Noticed a tengu conjurer
  6731 | D:4      | Noticed an orc knight
  6750 | D:5      | Killed Blork the orc
  6760 | D:5      | Hit by a boomerang thrown by an orc warrior

Illustrated notes

Levels and vault maps discovered:
D:1:      wander_arrival_estate, layout_basic
D:2:      layout_loops_ring, nicolae_overflow_hidden_temple,
          chequers_temple_overflow_minitemple
D:3:      layout_rooms, lemuel_tele_altar
D:4:      layout_rooms
D:5:      layout_rooms, small_statue_intersection, roderic_roman_lattice,
          uniq_blork_the_orc, uniq_duvessa
D:6:      layout_gridville, minmay_temple_entry_drinking_statues, uniq_sigmund
D:7:      layout_loops_corners, general_overflow_altar, minmay_manual_mares
Temple:   regret_index_temple_generic_petals

Skill      XL: |  1  2  3  4  5  6  7  8 |
---------------+-------------------------+-----
Conjurations   | 4 5 6 |  6.0
Shields        | 2 3 |  3.0
Stealth        | 3 |  3.6
Spellcasting   | 3 4 5 7 |  7.0
Fighting       | 1 2 |  2.5
Armour         | 1 2 |  2.5
Dodging        | 2 |  2.0

Action                   |  1- 3 |  4- 6 |  7- 9 || total
-------------------------+-------+-------+-------++-------
Melee: Whip              |    10 |       |       ||    10
       Falchion          |       |       |     1 ||     1
 Fire: Longbow           |       |    26 |    27 ||    53
 Cast: Magic Dart        |    50 |    21 |     1 ||    72
       Searing Ray       |     7 |    17 |    28 ||    52
 Abil: Dig               |     4 |     4 |     7 ||    15
       Shaft Self        |       |       |     1 ||     1
  Use: Scroll            |       |     1 |     6 ||     7
Armor: Robe              |     4 |     3 |     2 ||     9
Dodge: Dodged            |    19 |     6 |    15 ||    40
Block: Buckler           |       |     1 |     7 ||     8
       Rpst.: Falchion   |       |       |     1 ||     1
